Map: Eindringling LE

Players

Panda

  • Race: Zerg Zerg
  • League: Platinum
  • Spawn Location: 5:00

ImmortalLxCY - Winner!

  • Race: Zerg Zerg
  • League: Platinum
  • Spawn Location: 11:00

VOD

Have the link to the VOD?

Description

Time

  • Played on: Aug. 30, 2017, 5:57 a.m.
  • Length: 10:52
Show
View Real Time Build Order
Export as new Build Order

Panda Zerg 

Build Orders: Pool First, Zergling Baneling 

Get SALT Encoding   

  12  0:18  Spawning Pool  
  11  0:21  Drone  
  11  0:26  Drone  
  13  0:31  Extractor  
  13  0:35  Drone  
  13  0:39  Drone  
  14  0:53  Overlord  
  14  1:11  Queen  
  14  1:12  Zergling x2  
  14  1:13  Zergling x2  
  14  1:16  Zergling x2  
  19  1:28  Zergling x2  
  20  1:42  Metabolic Boost  
  20  1:53  Zergling x4  
  22  2:02  Baneling Nest  
  22  2:03  Overlord  
  21  2:17  Zergling x2  
  22  2:25  Zergling x2  
  22  2:26  Zergling x4  
  25  2:39  Zergling x4  
  27  2:48  Baneling  
  27  2:49  Zergling x2  
  26  3:08  Zergling x6  
  26  3:16  Baneling  
  26  3:17  Baneling  
  24  3:30  Zergling x2  
  24  3:31  Zergling x2  
  24  3:44  Zergling x2  
  23  3:50  Baneling x3  
  22  3:57  Zergling x2  
  21  4:20  Drone x2, Baneling x2  
  21  4:36  Baneling x3  
  21  4:41  Hatchery  
  21  4:44  Zergling x6  
  21  4:45  Zergling x2  
  24  5:01  Drone x4  
  28  5:13  Drone  
  29  5:23  Roach Warren  
  29  5:24  Spine Crawler  
  29  5:27  Zergling x2  
  28  5:28  Baneling  
  28  5:42  Drone x2  
  30  5:43  Overlord  
  30  5:53  Queen, Drone  
  33  6:03  Evolution Chamber  
  32  6:04  Evolution Chamber  
  31  6:19  Lair  
  31  6:20  Drone  
  31  6:21  Drone  
  31  6:22  Drone  
  34  6:25  Drone  
  34  6:29  Drone  
  36  6:39  Drone  
  37  6:40  Drone x2  
  39  6:52  Drone x4  
  39  6:53  Drone  
  44  7:14  Zerg Missile Weapons Level 1  
  44  7:16  Zerg Ground Armor Level 1  
  44  7:26  Extractor, Drone  
  44  7:28  Overlord x2  
  44  7:32  Overlord x2  
  44  7:55  Glial Reconstitution  
  44  8:02  Drone x6  
  50  8:06  Drone x3  
  50  8:07  Drone x2  
  55  8:32  Roach  
  55  8:33  Roach x5  
  66  8:49  Roach x3  
  72  9:11  Roach  
  72  9:12  Overlord x3  
  72  9:13  Overlord  
  74  9:29  Ravager  
  74  9:30  Ravager  
  76  9:40  Roach x3  
  82  9:54  Roach  
  82  9:55  Roach x2  
  82  9:57  Zergling x6  
  82  9:58  Zergling x6  
  94  10:09  Roach x2  
  98  10:19  Hatchery  
Show
View Real Time Build Order
Export as new Build Order

ImmortalLxCY Zerg - Winner!

Build Orders: Hatch First 

Get SALT Encoding   

  12  0:01  Drone  
  13  0:13  Overlord  
  13  0:22  Drone  
  14  0:32  Drone x2  
  16  0:36  Drone  
  17  0:45  Drone  
  18  1:00  Hatchery  
  17  1:14  Spawning Pool  
  16  1:21  Extractor  
  16  1:23  Drone x2  
  17  1:27  Drone  
  18  1:42  Drone  
  18  1:45  Overlord  
  19  2:00  Zergling x2  
  20  2:05  Queen  
  22  2:08  Zergling x2  
  22  2:13  Zergling x2  
  24  2:19  Spine Crawler  
  24  2:20  Zergling x2  
  24  2:29  Metabolic Boost  
  24  2:31  Zergling x2  
  24  2:42  Zergling x4  
  26  2:48  Zergling x2  
  25  3:20  Zergling x6  
  26  3:33  Roach Warren  
  22  3:46  Zergling x4  
  24  3:58  Zergling x6  
  23  4:22  Roach  
  23  4:23  Roach  
  26  4:26  Queen  
  26  4:29  Drone  
  29  4:42  Hatchery  
  28  4:46  Overlord  
  28  5:02  Drone  
  29  5:08  Drone x2  
  31  5:19  Drone  
  32  5:41  Drone x4  
  36  5:55  Queen  
  38  5:58  Drone  
  38  6:00  Drone x2  
  41  6:05  Extractor  
  40  6:11  Drone  
  40  6:12  Drone x2  
  40  6:14  Overlord  
  43  6:32  Roach x4  
  51  6:41  Overlord  
  51  6:50  Evolution Chamber  
  50  6:58  Drone  
  50  6:59  Drone x5  
  56  7:04  Overlord  
  56  7:15  Overlord  
  56  7:19  Lair  
  56  7:23  Drone  
  56  7:24  Drone x5, Hatchery  
  56  7:29  Zerg Missile Weapons Level 1  
  61  7:35  Evolution Chamber  
  61  7:36  Drone x2  
  62  7:48  Drone x2  
  62  7:50  Overlord  
  64  7:55  Drone  
  64  7:56  Drone x5  
  70  7:59  Extractor  
  70  8:01  Extractor  
  68  8:09  Overlord x2  
  68  8:25  Zerg Ground Armor Level 1  
  68  8:26  Drone  
  69  8:27  Drone x4  
  69  8:32  Glial Reconstitution  
  73  8:39  Hydralisk Den  
  72  8:50  Roach  
  72  8:51  Roach x5  
  84  9:10  Muscular Augments  
  84  9:11  Roach x6  
  84  9:13  Zergling x2  
  84  9:16  Overlord x2  
  84  9:17  Overlord  
  97  9:34  Queen  
  99  9:38  Drone  
  99  9:39  Drone x9  
  99  9:44  Overseer  
  109  9:48  Pneumatized Carapace  
  109  9:59  Drone  
  112  10:00  Drone x5  
  112  10:04  Extractor  
  106  10:31  Roach x8  
  106  10:32  Zergling x2  
  106  10:35  Zergling x2  
Tags
 
Add a new tag
Caveats
  • Supply blocks, unpowered buildings, or Contaminate may cause inaccurate times.
  • Supply counts are checked every 10 seconds.